[ PARTIDA AOE2 · #480054437 ]
UnrankedBúlgaros vs Malians
Equipo del jugador · DERR
[ ANÁLISIS DE REPETICIÓN · EXTRAÍDO DE LA PARTIDA GRABADA ]
Feudal
6:49
Castillos
9:07
Imperial
19:20
| APM promedio | 44.7 |
| APM pico | 101 |
| eAPM promedio | 39.2 |
| Aldeanos / militares | 277 / 227 |
Foco
⚔️ 17.3% · 🌾 82.7%
Militia ×124 · Spearman ×70 · Mangonel ×28 · Scorpion ×3 · Monk ×2
Feudal
6:41
Castillos
9:02
Imperial
16:39
| APM promedio | 44.4 |
| APM pico | 71 |
| eAPM promedio | 39.1 |
| Aldeanos / militares | 296 / 216 |
Foco
⚔️ 14.9% · 🌾 85.1%
Spearman ×105 · Hand Cannoneer ×27 · Bombard Cannon ×23 · Mangonel ×19 · Genitour ×16 · Skirmisher ×16
Feudal
6:43
Castillos
9:02
Imperial
18:07
| APM promedio | 28.7 |
| APM pico | 56 |
| eAPM promedio | 25.4 |
| Aldeanos / militares | 195 / 225 |
Foco
⚔️ 14.4% · 🌾 85.6%
Hand Cannoneer ×129 · Spearman ×68 · Mangonel ×16 · Skirmisher ×8 · Monk ×2 · Bombard Cannon ×2
Feudal
7:08
Castillos
9:01
Imperial
16:46
| APM promedio | 38.0 |
| APM pico | 72 |
| eAPM promedio | 35.3 |
| Aldeanos / militares | 222 / 280 |
Foco
⚔️ 13.3% · 🌾 86.7%
Spearman ×240 · Scorpion ×20 · Mangonel ×10 · Battering Ram ×8 · Trade Cart ×7 · Monk ×2
Feudal
7:16
Castillos
9:10
Imperial
17:18
| APM promedio | 26.4 |
| APM pico | 46 |
| eAPM promedio | 24.8 |
| Aldeanos / militares | 191 / 284 |
Foco
⚔️ 20.9% · 🌾 79.1%
Militia ×275 · Trade Cart ×5 · Trebuchet (Packed) ×5 · Mangonel ×4
Feudal
6:41
Castillos
9:00
Imperial
16:47
| APM promedio | 25.6 |
| APM pico | 53 |
| eAPM promedio | 23.7 |
| Aldeanos / militares | 169 / 69 |
Foco
⚔️ 12.4% · 🌾 87.6%
Spearman ×25 · Shotel Warrior ×23 · Scorpion ×11 · Mangonel ×8 · Bombard Cannon ×2
Feudal
6:44
Castillos
8:38
Imperial
16:40
| APM promedio | 42.4 |
| APM pico | 73 |
| eAPM promedio | 36.2 |
| Aldeanos / militares | 174 / 354 |
Foco
⚔️ 17.3% · 🌾 82.7%
Spearman ×233 · Hand Cannoneer ×79 · Genitour ×22 · Bombard Cannon ×12 · Mangonel ×8
Feudal
7:06
Castillos
9:05
Imperial
17:24
| APM promedio | 32.3 |
| APM pico | 78 |
| eAPM promedio | 30.3 |
| Aldeanos / militares | 197 / 93 |
Foco
⚔️ 15.5% · 🌾 84.5%
Hand Cannoneer ×61 · Mangonel ×32
Mapa de la partida
Recursos iniciales + cada clic de construcción. Líneas = muros · curvas = relieve. ◆ oro · ⬟ piedra · ● bayas · ✦ reliquia · ◌ hueco del cierre
Tu base· ✓ Separados por el mapa
Base de Panada· ✓ Separados por el mapa
Base de Tdot· ✓ Separados por el mapa
Base de AMI· ✓ Separados por el mapa
Base de [B] Zennith· ✓ Separados por el mapa
Base de [B] Carlian· ✓ Separados por el mapa
Base de [Ballistas] ASMODUS· ✓ Separados por el mapa
Base de ObnoxiousPoem· ✓ Separados por el mapa
Terreno inicial suavizado · ◌ = hueco del cierre detectado · pasá el cursor para detalles
Inputs por minuto
— Colonel Otto - - Panada
Build order — Colonel Otto
Primeras 150 de 371 acciones detectadas
| 0:03 | Crear | Villager (Male) |
| 0:03 | Crear | Villager (Male) |
| 0:03 | Crear | Villager (Male) |
| 0:04 | Crear | Villager (Male) |
| 0:06 | Construir | Mill |
| 0:07 | Construir | House |
| 0:40 | Construir | Farm |
| 0:49 | Construir | Farm |
| 1:33 | Crear | Villager (Male) |
| 1:38 | Construir | Farm |
| 1:56 | Construir | Lumber Camp |
| 2:02 | Crear | Villager (Male) |
| 2:02 | Crear | Villager (Male) |
| 2:17 | Crear | Villager (Male) |
| 2:36 | Construir | House |
| 2:47 | Construir | Farm |
| 2:49 | Crear | Villager (Male) |
| 3:02 | Crear | Villager (Male) |
| 3:05 | Construir | Farm |
| 3:18 | Crear | Villager (Male) |
| 3:19 | Crear | Villager (Male) |
| 3:24 | Construir | Farm |
| 3:33 | Crear | Villager (Male) |
| 3:51 | Construir | Farm |
| 4:03 | Construir | Farm |
| 4:13 | Construir | Farm |
| 4:20 | Crear | Villager (Male) |
| 4:21 | Crear | Villager (Male) |
| 4:21 | Crear | Villager (Male) |
| 4:21 | Crear | Villager (Male) |
| 4:27 | Construir | Farm |
| 4:48 | Construir | Farm |
| 5:02 | Crear | Villager (Male) |
| 5:22 | Construir | House |
| 5:30 | Investigar | Feudal Age |
| 6:18 | Crear | Villager (Male) |
| 6:18 | Crear | Villager (Male) |
| 6:19 | Crear | Villager (Male) |
| 6:20 | Construir | Farm |
| 6:49 | Edad | Edad Feudal |
| 6:57 | Construir | Market |
| 7:04 | Investigar | Double-Bit Axe |
| 7:41 | Construir | Blacksmith |
| 8:00 | Investigar | Castle Age |
| 8:00 | Investigar | Castle Age |
| 8:03 | Construir | Farm |
| 8:18 | Crear | Villager (Male) |
| 8:27 | Investigar | Horse Collar |
| 9:07 | Edad | Edad de los Castillos |
| 9:10 | Construir | Town Center |
| 9:13 | Crear | Villager (Male) |
| 9:13 | Crear | Villager (Male) |
| 9:16 | Construir | Town Center |
| 9:25 | Investigar | Bow Saw |
| 9:37 | Construir | House |
| 9:43 | Investigar | Wheelbarrow |
| 9:45 | Crear | Villager (Male) |
| 10:15 | Construir | Farm |
| 10:19 | Crear | Villager (Male) |
| 10:24 | Crear | Villager (Male) |
| 10:24 | Crear | Villager (Male) |
| 10:24 | Crear | Villager (Male) |
| 10:25 | Crear | Villager (Male) |
| 10:25 | Crear | Villager (Male) |
| 10:29 | Crear | Villager (Male) |
| 10:31 | Construir | Farm |
| 10:37 | Construir | Farm |
| 10:49 | Investigar | Hand Cart |
| 10:49 | Investigar | Hand Cart |
| 11:02 | Crear | Villager (Male) |
| 11:12 | Crear | Villager (Male) |
| 11:32 | Construir | Farm |
| 11:37 | Crear | Villager (Male) |
| 11:37 | Crear | Villager (Male) |
| 11:48 | Crear | Villager (Male) ×4 |
| 11:49 | Crear | Villager (Male) |
| 12:14 | Crear | Villager (Male) ×2 |
| 12:25 | Construir | House |
| 12:26 | Construir | House |
| 12:36 | Crear | Villager (Male) ×5 |
| 12:36 | Crear | Villager (Male) |
| 12:55 | Crear | Villager (Male) |
| 13:12 | Crear | Villager (Male) ×4 |
| 13:29 | Crear | Villager (Male) ×3 |
| 13:29 | Crear | Villager (Male) ×3 |
| 13:40 | Construir | House |
| 13:41 | Construir | House |
| 13:45 | Crear | Villager (Male) |
| 13:48 | Construir | Farm |
| 14:10 | Construir | House |
| 14:13 | Construir | House |
| 14:18 | Crear | Villager (Male) |
| 14:21 | Construir | Farm |
| 14:29 | Crear | Villager (Male) |
| 14:29 | Crear | Villager (Male) |
| 14:29 | Crear | Villager (Male) |
| 14:30 | Crear | Villager (Male) |
| 15:00 | Construir | Farm |
| 15:24 | Crear | Villager (Male) |
| 15:28 | Construir | Market |
| 15:29 | Construir | Monastery |
| 15:48 | Construir | Farm |
| 15:57 | Crear | Villager (Male) |
| 16:13 | Crear | Villager (Male) ×5 |
| 16:18 | Construir | Siege Workshop |
| 16:21 | Construir | Farm |
| 16:42 | Construir | Farm |
| 17:00 | Crear | Villager (Male) ×5 |
| 17:06 | Crear | Mangonel |
| 17:06 | Crear | Mangonel |
| 17:13 | Construir | Farm |
| 17:15 | Construir | House |
| 17:23 | Investigar | Town Watch |
| 17:24 | Investigar | Loom |
| 17:30 | Construir | Town Center |
| 17:44 | Crear | Mangonel |
| 18:04 | Investigar | Imperial Age |
| 18:06 | Crear | Mangonel |
| 18:29 | Construir | Monastery |
| 18:31 | Construir | Town Center |
| 18:35 | Crear | Villager (Male) ×5 |
| 18:39 | Construir | Farm |
| 18:40 | Construir | Farm |
| 18:40 | Construir | Farm |
| 18:59 | Construir | Farm |
| 19:08 | Crear | Monk |
| 19:17 | Construir | Farm |
| 19:20 | Construir | Farm |
| 19:20 | Edad | Edad Imperial |
| 19:26 | Investigar | Onager (upgrade) |
| 19:44 | Crear | Villager (Male) ×5 |
| 19:45 | Crear | Villager (Male) ×5 |
| 19:49 | Construir | House |
| 19:51 | Construir | House |
| 20:12 | Crear | Villager (Male) |
| 20:12 | Crear | Villager (Male) |
| 20:12 | Crear | Villager (Male) |
| 20:39 | Crear | Villager (Male) ×5 |
| 20:40 | Crear | Villager (Male) ×5 |
| 20:46 | Construir | Town Center |
| 20:48 | Construir | Farm |
| 20:50 | Construir | Lumber Camp |
| 21:01 | Construir | House |
| 21:02 | Construir | House |
| 21:02 | Construir | House |
| 21:03 | Construir | House |
| 21:05 | Construir | House |
| 21:05 | Construir | House |
| 21:05 | Construir | House |
| 21:05 | Construir | House |
Build order — Panada
Primeras 150 de 427 acciones detectadas
| 0:01 | Crear | Villager (Male) |
| 0:02 | Crear | Villager (Male) |
| 0:09 | Crear | Villager (Male) |
| 0:10 | Crear | Villager (Male) |
| 0:18 | Construir | Mill |
| 0:20 | Construir | House |
| 0:38 | Construir | Farm |
| 0:46 | Construir | Farm |
| 1:24 | Crear | Villager (Male) |
| 1:44 | Construir | Lumber Camp |
| 1:53 | Construir | Farm |
| 1:54 | Crear | Villager (Male) |
| 2:20 | Crear | Villager (Male) |
| 2:25 | Construir | Farm |
| 2:37 | Construir | House |
| 2:40 | Crear | Villager (Male) |
| 3:04 | Crear | Villager (Male) |
| 3:05 | Crear | Villager (Male) |
| 3:09 | Construir | Farm |
| 3:20 | Construir | Farm |
| 3:27 | Construir | Farm |
| 3:28 | Crear | Villager (Male) |
| 3:38 | Crear | Villager (Male) |
| 3:55 | Construir | Farm |
| 4:15 | Construir | Outpost |
| 4:19 | Construir | Outpost |
| 4:43 | Construir | House |
| 4:48 | Crear | Villager (Male) |
| 5:01 | Construir | Outpost |
| 5:10 | Construir | Farm |
| 5:17 | Crear | Villager (Male) |
| 5:21 | Investigar | Feudal Age |
| 5:45 | Crear | Villager (Male) |
| 5:45 | Crear | Villager (Male) |
| 5:45 | Crear | Villager (Male) |
| 6:41 | Edad | Edad Feudal |
| 6:43 | Construir | Market |
| 6:45 | Investigar | Double-Bit Axe |
| 6:49 | Construir | Blacksmith |
| 7:23 | Construir | Farm |
| 7:34 | Construir | Outpost |
| 7:35 | Construir | Farm |
| 7:47 | Construir | Farm |
| 7:58 | Investigar | Castle Age |
| 8:10 | Investigar | Horse Collar |
| 8:26 | Construir | House |
| 8:54 | Crear | Villager (Male) |
| 9:02 | Edad | Edad de los Castillos |
| 9:06 | Construir | Town Center |
| 9:09 | Construir | Town Center |
| 9:16 | Crear | Villager (Male) |
| 9:18 | Investigar | Bow Saw |
| 9:27 | Investigar | Wheelbarrow |
| 9:33 | Construir | Farm |
| 9:44 | Crear | Villager (Male) |
| 9:50 | Construir | Farm |
| 9:53 | Crear | Villager (Male) |
| 10:00 | Crear | Villager (Male) ×5 |
| 10:07 | Construir | Farm |
| 10:08 | Crear | Villager (Male) |
| 10:14 | Crear | Villager (Male) |
| 10:24 | Crear | Villager (Male) |
| 10:30 | Crear | Villager (Male) |
| 10:30 | Crear | Villager (Male) |
| 10:40 | Crear | Villager (Male) |
| 10:40 | Crear | Villager (Male) |
| 10:53 | Investigar | Hand Cart |
| 10:54 | Crear | Villager (Male) |
| 11:12 | Crear | Villager (Male) ×2 |
| 11:13 | Crear | Villager (Male) |
| 11:19 | Construir | House |
| 11:20 | Construir | House |
| 11:22 | Crear | Villager (Male) ×2 |
| 11:38 | Crear | Villager (Male) |
| 11:43 | Crear | Villager (Male) |
| 11:54 | Crear | Villager (Male) |
| 12:06 | Construir | Market |
| 12:07 | Crear | Villager (Male) ×4 |
| 12:15 | Construir | Farm |
| 12:18 | Crear | Villager (Male) |
| 12:21 | Construir | Farm |
| 12:21 | Construir | Farm |
| 12:35 | Construir | House |
| 12:37 | Construir | House |
| 12:42 | Crear | Villager (Male) ×2 |
| 12:48 | Crear | Villager (Male) |
| 12:56 | Construir | Farm |
| 13:05 | Construir | Farm |
| 13:10 | Crear | Villager (Male) ×2 |
| 13:18 | Crear | Villager (Male) ×2 |
| 13:18 | Crear | Villager (Male) |
| 13:20 | Construir | Farm |
| 13:22 | Crear | Villager (Male) |
| 13:34 | Crear | Villager (Male) ×2 |
| 13:37 | Construir | Farm |
| 13:44 | Crear | Villager (Male) |
| 13:52 | Crear | Villager (Male) |
| 14:11 | Construir | Farm |
| 14:13 | Construir | Farm |
| 14:28 | Construir | House |
| 14:35 | Construir | Market |
| 14:44 | Construir | Monastery |
| 14:58 | Construir | Siege Workshop |
| 15:03 | Construir | Farm |
| 15:12 | Construir | Farm |
| 15:15 | Construir | House |
| 15:18 | Crear | Mangonel |
| 15:18 | Crear | Mangonel |
| 15:23 | Investigar | Imperial Age |
| 15:51 | Construir | House |
| 15:54 | Construir | Market |
| 15:57 | Investigar | Town Watch |
| 16:19 | Construir | Outpost |
| 16:39 | Edad | Edad Imperial |
| 16:47 | Investigar | Onager (upgrade) |
| 16:56 | Construir | Farm |
| 17:02 | Construir | Lumber Camp |
| 17:22 | Investigar | Guilds |
| 17:45 | Crear | Villager (Male) ×5 |
| 17:50 | Construir | Town Center |
| 17:53 | Construir | Farm |
| 17:53 | Construir | Farm |
| 17:54 | Construir | Farm |
| 17:54 | Construir | Farm |
| 17:54 | Construir | Farm |
| 17:55 | Construir | Farm |
| 17:55 | Construir | Farm |
| 17:55 | Construir | Farm |
| 17:59 | Construir | House |
| 18:12 | Investigar | Loom |
| 18:17 | Crear | Mangonel |
| 18:19 | Crear | Villager (Male) ×5 |
| 18:40 | Construir | Town Center |
| 18:43 | Crear | Villager (Male) ×4 |
| 18:47 | Construir | Farm |
| 18:47 | Construir | Farm |
| 18:48 | Construir | Farm |
| 18:48 | Construir | Farm |
| 18:49 | Construir | Farm |
| 18:49 | Construir | Farm |
| 18:49 | Construir | Farm |
| 18:50 | Crear | Villager (Male) ×3 |
| 18:58 | Construir | Outpost |
| 19:16 | Crear | Villager (Male) ×5 |
| 19:38 | Crear | Villager (Male) ×5 |
| 19:48 | Crear | Villager (Male) ×5 |
| 19:51 | Construir | Outpost |
| 19:57 | Crear | Mangonel |
| 19:59 | Construir | Farm |
| 19:59 | Construir | Farm |
Build order — Tdot
Primeras 150 de 405 acciones detectadas
| 0:01 | Crear | Villager (Male) |
| 0:01 | Crear | Villager (Male) |
| 0:01 | Crear | Villager (Male) |
| 0:02 | Crear | Villager (Male) |
| 0:08 | Construir | Mill |
| 0:09 | Construir | House |
| 0:43 | Construir | Farm |
| 0:47 | Construir | Farm |
| 1:26 | Crear | Villager (Male) |
| 1:52 | Construir | Lumber Camp |
| 1:57 | Crear | Villager (Male) |
| 2:11 | Construir | Outpost |
| 2:14 | Construir | Outpost |
| 2:28 | Construir | Farm |
| 2:30 | Crear | Villager (Male) |
| 2:30 | Crear | Villager (Male) |
| 2:37 | Construir | House |
| 2:51 | Construir | Outpost |
| 2:56 | Crear | Villager (Male) |
| 2:57 | Crear | Villager (Male) |
| 3:02 | Construir | Farm |
| 3:14 | Construir | Farm |
| 3:22 | Crear | Villager (Male) |
| 3:22 | Crear | Villager (Male) |
| 3:25 | Construir | Farm |
| 3:31 | Construir | Farm |
| 3:44 | Construir | Farm |
| 3:47 | Crear | Villager (Male) |
| 3:48 | Crear | Villager (Male) |
| 3:48 | Crear | Villager (Male) |
| 4:08 | Crear | Villager (Male) |
| 4:09 | Crear | Villager (Male) |
| 4:09 | Crear | Villager (Male) |
| 4:20 | Construir | House |
| 4:36 | Construir | Farm |
| 4:47 | Crear | Villager (Male) |
| 5:01 | Construir | Farm |
| 5:27 | Investigar | Feudal Age |
| 5:28 | Investigar | Feudal Age |
| 5:43 | Crear | Villager (Male) |
| 5:43 | Crear | Villager (Male) |
| 5:45 | Crear | Villager (Male) |
| 5:45 | Crear | Villager (Male) |
| 5:50 | Crear | Villager (Male) |
| 6:43 | Edad | Edad Feudal |
| 6:45 | Construir | Market |
| 6:52 | Construir | Blacksmith |
| 7:54 | Investigar | Castle Age |
| 7:59 | Construir | Farm |
| 8:03 | Construir | Farm |
| 8:22 | Investigar | Double-Bit Axe |
| 8:22 | Investigar | Double-Bit Axe |
| 8:35 | Investigar | Horse Collar |
| 9:00 | Investigar | Wheelbarrow |
| 9:02 | Edad | Edad de los Castillos |
| 9:07 | Construir | Town Center |
| 9:21 | Construir | Town Center |
| 9:25 | Investigar | Bow Saw |
| 9:32 | Investigar | Town Watch |
| 10:04 | Investigar | Heavy Plow |
| 10:07 | Crear | Villager (Male) |
| 10:07 | Crear | Villager (Male) |
| 10:17 | Crear | Villager (Male) |
| 10:33 | Construir | House |
| 10:38 | Construir | Farm |
| 10:49 | Crear | Villager (Male) |
| 10:49 | Crear | Villager (Male) |
| 10:49 | Crear | Villager (Male) |
| 10:55 | Crear | Villager (Male) |
| 11:01 | Crear | Villager (Male) |
| 11:11 | Crear | Villager (Male) |
| 11:15 | Crear | Villager (Male) |
| 11:19 | Construir | Farm |
| 11:25 | Crear | Villager (Male) |
| 11:25 | Crear | Villager (Male) |
| 11:26 | Crear | Villager (Male) |
| 11:43 | Crear | Villager (Male) |
| 12:04 | Investigar | Hand Cart |
| 12:05 | Crear | Villager (Male) |
| 12:06 | Crear | Villager (Male) |
| 12:08 | Crear | Villager (Male) |
| 12:16 | Construir | House |
| 12:17 | Construir | House |
| 12:29 | Crear | Villager (Male) |
| 12:32 | Crear | Villager (Male) |
| 12:47 | Crear | Villager (Male) |
| 12:47 | Crear | Villager (Male) |
| 12:48 | Crear | Villager (Male) |
| 13:00 | Crear | Villager (Male) |
| 13:01 | Crear | Villager (Male) |
| 13:01 | Crear | Villager (Male) |
| 13:02 | Crear | Villager (Male) |
| 13:10 | Crear | Villager (Male) |
| 13:12 | Crear | Villager (Male) |
| 13:39 | Construir | House |
| 13:44 | Crear | Villager (Male) |
| 13:44 | Crear | Villager (Male) |
| 13:45 | Crear | Villager (Male) |
| 13:53 | Construir | Farm |
| 14:02 | Crear | Villager (Male) |
| 14:03 | Crear | Villager (Male) |
| 14:03 | Crear | Villager (Male) |
| 14:09 | Construir | House |
| 14:12 | Construir | House |
| 14:16 | Construir | Farm |
| 14:17 | Construir | Farm |
| 14:22 | Crear | Villager (Male) |
| 14:23 | Crear | Villager (Male) |
| 14:24 | Crear | Villager (Male) |
| 14:25 | Crear | Villager (Male) |
| 14:27 | Crear | Villager (Male) |
| 14:38 | Crear | Villager (Male) |
| 14:39 | Crear | Villager (Male) |
| 14:39 | Crear | Villager (Male) |
| 14:49 | Construir | Farm |
| 14:53 | Crear | Villager (Male) |
| 14:55 | Crear | Villager (Male) |
| 14:58 | Crear | Villager (Male) |
| 15:18 | Construir | Farm |
| 15:28 | Construir | House |
| 15:30 | Construir | House |
| 15:43 | Construir | House |
| 15:52 | Construir | Market |
| 15:57 | Construir | Monastery |
| 16:04 | Construir | Siege Workshop |
| 16:10 | Construir | Farm |
| 16:13 | Construir | Farm |
| 16:31 | Construir | House |
| 16:41 | Construir | Farm |
| 16:51 | Investigar | Imperial Age |
| 16:57 | Crear | Mangonel |
| 16:57 | Crear | Mangonel |
| 16:58 | Crear | Mangonel |
| 17:13 | Crear | Mangonel |
| 17:25 | Construir | Lumber Camp |
| 17:34 | Construir | Farm |
| 17:44 | Construir | Farm |
| 18:07 | Edad | Edad Imperial |
| 18:17 | Investigar | Onager (upgrade) |
| 18:20 | Crear | Villager (Male) |
| 18:20 | Crear | Villager (Male) |
| 18:36 | Construir | Farm |
| 18:37 | Crear | Villager (Male) |
| 18:37 | Crear | Villager (Male) |
| 18:38 | Crear | Villager (Male) |
| 18:38 | Crear | Villager (Male) |
| 19:01 | Construir | House |
| 19:06 | Construir | Mill |
| 19:18 | Construir | University |
| 19:25 | Construir | Outpost |
Build order — AMI
Primeras 150 de 407 acciones detectadas
| 0:01 | Crear | Villager (Male) ×4 |
| 0:13 | Construir | Mill |
| 0:26 | Construir | House |
| 0:41 | Construir | Farm |
| 0:48 | Construir | Farm |
| 1:29 | Crear | Villager (Male) |
| 1:46 | Construir | Lumber Camp |
| 1:56 | Construir | Farm |
| 1:57 | Crear | Villager (Male) |
| 1:58 | Crear | Villager (Male) |
| 2:22 | Construir | House |
| 2:26 | Crear | Villager (Male) |
| 2:26 | Crear | Villager (Male) |
| 2:41 | Crear | Villager (Male) |
| 2:44 | Construir | Farm |
| 2:48 | Construir | Farm |
| 3:01 | Construir | Farm |
| 3:04 | Crear | Villager (Male) |
| 3:11 | Construir | Farm |
| 3:25 | Construir | Farm |
| 3:27 | Crear | Villager (Male) |
| 3:42 | Construir | Farm |
| 4:09 | Construir | Farm |
| 4:12 | Crear | Villager (Male) |
| 4:12 | Crear | Villager (Male) |
| 4:12 | Crear | Villager (Male) |
| 4:14 | Crear | Villager (Male) |
| 4:23 | Construir | Farm |
| 4:42 | Construir | House |
| 4:48 | Construir | Farm |
| 5:20 | Crear | Villager (Male) |
| 5:40 | Construir | Farm |
| 5:55 | Investigar | Feudal Age |
| 6:19 | Crear | Villager (Male) |
| 6:19 | Crear | Villager (Male) |
| 7:08 | Edad | Edad Feudal |
| 7:12 | Investigar | Double-Bit Axe |
| 7:20 | Construir | Market |
| 7:26 | Construir | Blacksmith |
| 7:48 | Investigar | Castle Age |
| 7:51 | Construir | Farm |
| 7:58 | Investigar | Horse Collar |
| 8:20 | Construir | House |
| 8:49 | Crear | Villager (Male) |
| 8:49 | Crear | Villager (Male) |
| 8:55 | Construir | Farm |
| 9:01 | Edad | Edad de los Castillos |
| 9:05 | Construir | Town Center |
| 9:07 | Crear | Villager (Male) |
| 9:07 | Investigar | Bow Saw |
| 9:17 | Construir | Farm |
| 9:25 | Construir | Town Center |
| 9:43 | Investigar | Wheelbarrow |
| 9:56 | Crear | Villager (Male) |
| 10:12 | Construir | Farm |
| 10:21 | Investigar | Hand Cart |
| 10:22 | Crear | Villager (Male) ×4 |
| 10:30 | Construir | Farm |
| 10:38 | Crear | Villager (Male) ×2 |
| 10:59 | Crear | Villager (Male) ×2 |
| 11:24 | Crear | Villager (Male) ×5 |
| 11:27 | Construir | House |
| 11:28 | Construir | House |
| 11:43 | Crear | Villager (Male) |
| 11:43 | Crear | Villager (Male) |
| 11:59 | Crear | Villager (Male) ×4 |
| 12:00 | Crear | Villager (Male) ×4 |
| 12:24 | Crear | Villager (Male) ×3 |
| 12:26 | Construir | Farm |
| 12:29 | Construir | Farm |
| 12:31 | Construir | House |
| 12:35 | Construir | House |
| 12:39 | Crear | Villager (Male) ×2 |
| 12:56 | Crear | Villager (Male) ×2 |
| 13:28 | Crear | Villager (Male) ×5 |
| 13:30 | Construir | Farm |
| 13:59 | Construir | Farm |
| 14:40 | Crear | Villager (Male) |
| 14:40 | Crear | Villager (Male) |
| 14:46 | Construir | Farm |
| 14:58 | Construir | Market |
| 14:59 | Construir | House |
| 15:01 | Construir | House |
| 15:04 | Construir | Siege Workshop |
| 15:07 | Construir | Monastery |
| 15:10 | Construir | Farm |
| 15:18 | Construir | Farm |
| 15:30 | Investigar | Imperial Age |
| 15:34 | Construir | Farm |
| 15:40 | Construir | Farm |
| 15:48 | Crear | Mangonel |
| 15:48 | Crear | Mangonel |
| 15:49 | Crear | Mangonel |
| 15:58 | Construir | Lumber Camp |
| 16:19 | Construir | Farm |
| 16:46 | Edad | Edad Imperial |
| 16:47 | Investigar | Onager (upgrade) |
| 16:54 | Construir | Lumber Camp |
| 17:09 | Crear | Villager (Male) |
| 17:09 | Crear | Villager (Male) |
| 17:10 | Crear | Villager (Male) |
| 17:11 | Investigar | Town Watch |
| 17:52 | Construir | Town Center |
| 17:56 | Crear | Villager (Male) |
| 17:56 | Crear | Villager (Male) |
| 17:57 | Crear | Villager (Male) |
| 17:57 | Crear | Villager (Male) |
| 17:57 | Crear | Villager (Male) |
| 18:09 | Crear | Mangonel |
| 18:15 | Construir | House |
| 18:18 | Construir | House |
| 18:19 | Construir | House |
| 18:29 | Crear | Villager (Male) |
| 18:29 | Crear | Villager (Male) |
| 18:31 | Construir | Farm |
| 18:46 | Construir | Town Center |
| 18:51 | Crear | Villager (Male) |
| 18:51 | Crear | Villager (Male) |
| 19:08 | Investigar | Two-Man Saw |
| 19:16 | Construir | Mining Camp |
| 19:31 | Construir | Mill |
| 19:42 | Crear | Villager (Male) ×5 |
| 19:42 | Crear | Villager (Male) ×5 |
| 19:42 | Crear | Villager (Male) ×5 |
| 19:47 | Construir | Farm |
| 19:48 | Construir | Farm |
| 19:48 | Construir | Farm |
| 19:48 | Construir | Farm |
| 19:49 | Construir | Farm |
| 19:49 | Construir | Farm |
| 19:50 | Construir | Farm |
| 20:00 | Construir | Farm |
| 20:06 | Construir | Town Center |
| 20:10 | Crear | Villager (Male) |
| 20:10 | Crear | Villager (Male) |
| 20:12 | Crear | Villager (Male) |
| 20:12 | Crear | Villager (Male) |
| 20:24 | Crear | Villager (Male) |
| 20:35 | Construir | Farm |
| 20:37 | Construir | Farm |
| 20:42 | Crear | Villager (Male) |
| 20:47 | Crear | Villager (Male) |
| 20:57 | Crear | Villager (Male) |
| 20:57 | Crear | Villager (Male) |
| 21:07 | Construir | Lumber Camp |
| 21:11 | Construir | Market |
| 21:19 | Construir | House |
| 21:19 | Construir | House |
| 21:19 | Construir | House |
| 21:20 | Construir | House |
Build order — [B] Zennith
Primeras 150 de 371 acciones detectadas
| 0:01 | Crear | Villager (Male) ×4 |
| 0:11 | Construir | Mill |
| 0:12 | Construir | House |
| 0:41 | Construir | Farm |
| 1:05 | Construir | Farm |
| 1:28 | Construir | Farm |
| 1:45 | Crear | Villager (Male) |
| 1:46 | Crear | Villager (Male) |
| 2:15 | Construir | Lumber Camp |
| 2:16 | Crear | Villager (Male) ×2 |
| 2:21 | Construir | House |
| 2:42 | Crear | Villager (Male) |
| 2:48 | Construir | Farm |
| 3:11 | Construir | Farm |
| 3:12 | Crear | Villager (Male) |
| 3:17 | Crear | Villager (Male) |
| 3:26 | Construir | Farm |
| 3:33 | Construir | Farm |
| 3:37 | Crear | Villager (Male) |
| 4:06 | Crear | Villager (Male) |
| 4:08 | Construir | Farm |
| 4:28 | Construir | Farm |
| 4:37 | Crear | Villager (Male) |
| 4:37 | Crear | Villager (Male) |
| 4:52 | Construir | House |
| 5:19 | Construir | Farm |
| 5:21 | Crear | Villager (Male) |
| 5:38 | Investigar | Feudal Age |
| 6:28 | Crear | Villager (Male) |
| 6:28 | Crear | Villager (Male) |
| 7:16 | Edad | Edad Feudal |
| 7:18 | Construir | Market |
| 7:22 | Investigar | Double-Bit Axe |
| 7:28 | Construir | Blacksmith |
| 7:59 | Construir | Farm |
| 8:01 | Construir | Farm |
| 8:05 | Investigar | Castle Age |
| 8:30 | Investigar | Horse Collar |
| 8:54 | Construir | House |
| 9:01 | Investigar | Wheelbarrow |
| 9:10 | Edad | Edad de los Castillos |
| 9:12 | Construir | Town Center |
| 9:18 | Construir | Town Center |
| 9:24 | Crear | Villager (Male) |
| 9:33 | Investigar | Bow Saw |
| 9:47 | Crear | Villager (Male) |
| 9:52 | Crear | Villager (Male) |
| 10:01 | Construir | Farm |
| 10:06 | Crear | Villager (Male) |
| 10:10 | Crear | Villager (Male) |
| 10:11 | Crear | Villager (Male) |
| 10:12 | Crear | Villager (Male) |
| 10:28 | Crear | Villager (Male) |
| 10:28 | Crear | Villager (Male) |
| 10:49 | Crear | Villager (Male) |
| 10:49 | Crear | Villager (Male) |
| 10:50 | Crear | Villager (Male) |
| 11:01 | Crear | Villager (Male) |
| 11:06 | Construir | Farm |
| 11:18 | Crear | Villager (Male) ×3 |
| 11:32 | Construir | House |
| 11:34 | Construir | House |
| 11:40 | Construir | Outpost |
| 11:56 | Crear | Villager (Male) |
| 12:06 | Crear | Villager (Male) |
| 12:08 | Crear | Villager (Male) ×5 |
| 12:21 | Crear | Villager (Male) |
| 12:36 | Crear | Villager (Male) |
| 12:43 | Crear | Villager (Male) |
| 12:53 | Crear | Villager (Male) |
| 12:56 | Construir | Farm |
| 13:02 | Crear | Villager (Male) ×5 |
| 13:06 | Construir | House |
| 13:07 | Construir | House |
| 13:08 | Construir | House |
| 13:10 | Construir | House |
| 13:20 | Investigar | Hand Cart |
| 13:22 | Crear | Villager (Male) |
| 13:29 | Construir | Outpost |
| 13:33 | Crear | Villager (Male) |
| 13:40 | Crear | Villager (Male) |
| 14:04 | Crear | Villager (Male) |
| 14:04 | Crear | Villager (Male) |
| 14:05 | Crear | Villager (Male) |
| 14:25 | Construir | Market |
| 14:36 | Construir | Farm |
| 14:40 | Construir | Farm |
| 14:57 | Construir | Siege Workshop |
| 15:01 | Construir | Monastery |
| 15:06 | Construir | Farm |
| 15:08 | Construir | Lumber Camp |
| 15:20 | Construir | Farm |
| 15:28 | Construir | Lumber Camp |
| 15:44 | Crear | Mangonel |
| 16:02 | Investigar | Imperial Age |
| 16:11 | Construir | Farm |
| 16:21 | Construir | Lumber Camp |
| 16:25 | Construir | Lumber Camp |
| 16:31 | Construir | Farm |
| 16:44 | Construir | Market |
| 17:18 | Edad | Edad Imperial |
| 17:21 | Investigar | Onager (upgrade) |
| 17:29 | Construir | Farm |
| 17:31 | Construir | Farm |
| 17:47 | Crear | Villager (Male) ×5 |
| 17:57 | Crear | Mangonel |
| 18:17 | Construir | Mining Camp |
| 18:28 | Crear | Villager (Male) ×5 |
| 18:42 | Construir | Outpost |
| 18:52 | Construir | Blacksmith |
| 18:54 | Construir | Blacksmith |
| 19:11 | Construir | Outpost |
| 19:15 | Investigar | Gold Mining |
| 19:15 | Investigar | Stone Mining |
| 19:21 | Crear | Mangonel ×2 |
| 19:34 | Construir | Farm |
| 19:36 | Construir | Mill |
| 19:41 | Crear | Villager (Male) ×5 |
| 19:44 | Construir | House |
| 19:45 | Construir | House |
| 19:54 | Investigar | Town Watch |
| 20:02 | Investigar | Scale Mail Armor |
| 20:03 | Investigar | Forging |
| 20:13 | Construir | House |
| 20:14 | Construir | House |
| 20:15 | Construir | House |
| 20:17 | Construir | House |
| 20:30 | Construir | Farm |
| 20:31 | Construir | Farm |
| 20:32 | Construir | Farm |
| 20:49 | Construir | Mining Camp |
| 21:03 | Construir | Stone Wall |
| 21:07 | Construir | Stone Wall |
| 21:15 | Construir | Barracks |
| 21:16 | Construir | Barracks |
| 21:23 | Construir | Barracks |
| 21:25 | Construir | Barracks |
| 21:32 | Investigar | Chain Mail Armor |
| 21:33 | Investigar | Iron Casting |
| 21:42 | Construir | Stone Wall |
| 21:44 | Construir | Stone Wall |
| 21:53 | Investigar | Gambesons |
| 22:00 | Crear | Villager (Male) ×5 |
| 22:03 | Construir | Farm |
| 22:05 | Construir | Farm |
| 22:13 | Crear | Villager (Male) ×5 |
| 22:16 | Construir | Farm |
| 22:16 | Construir | Farm |
| 22:17 | Construir | Farm |
| 22:17 | Construir | Farm |
Build order — [B] Carlian
Primeras 150 de 364 acciones detectadas
| 0:02 | Crear | Villager (Male) |
| 0:02 | Crear | Villager (Male) |
| 0:02 | Crear | Villager (Male) |
| 0:03 | Crear | Villager (Male) |
| 0:06 | Construir | House |
| 0:07 | Construir | Mill |
| 0:42 | Construir | Farm |
| 0:50 | Construir | Farm |
| 1:25 | Crear | Villager (Male) |
| 1:53 | Construir | Lumber Camp |
| 1:57 | Crear | Villager (Male) |
| 2:06 | Construir | Farm |
| 2:21 | Construir | House |
| 2:25 | Crear | Villager (Male) |
| 2:36 | Construir | Farm |
| 2:43 | Crear | Villager (Male) |
| 2:43 | Crear | Villager (Male) |
| 3:03 | Construir | Farm |
| 3:08 | Construir | Farm |
| 3:11 | Crear | Villager (Male) |
| 3:29 | Crear | Villager (Male) |
| 3:32 | Construir | Farm |
| 3:39 | Crear | Villager (Male) |
| 3:39 | Crear | Villager (Male) |
| 3:44 | Construir | House |
| 3:45 | Construir | Farm |
| 3:52 | Crear | Villager (Male) |
| 3:52 | Crear | Villager (Male) |
| 4:11 | Crear | Villager (Male) |
| 4:11 | Crear | Villager (Male) |
| 4:12 | Crear | Villager (Male) |
| 4:42 | Construir | Farm |
| 5:29 | Investigar | Feudal Age |
| 5:49 | Crear | Villager (Male) |
| 5:49 | Crear | Villager (Male) |
| 6:41 | Edad | Edad Feudal |
| 6:48 | Construir | Market |
| 6:51 | Construir | Blacksmith |
| 6:53 | Investigar | Double-Bit Axe |
| 6:54 | Investigar | Horse Collar |
| 7:20 | Construir | Farm |
| 7:31 | Crear | Villager (Male) |
| 7:51 | Investigar | Castle Age |
| 9:00 | Edad | Edad de los Castillos |
| 9:04 | Construir | Town Center |
| 9:05 | Investigar | Bow Saw |
| 9:06 | Investigar | Wheelbarrow |
| 9:10 | Investigar | Heavy Plow |
| 9:22 | Construir | Town Center |
| 9:39 | Construir | Farm |
| 9:43 | Crear | Villager (Male) |
| 9:43 | Crear | Villager (Male) |
| 9:48 | Construir | Farm |
| 9:52 | Crear | Villager (Male) |
| 9:52 | Crear | Villager (Male) |
| 9:53 | Crear | Villager (Male) |
| 10:07 | Crear | Villager (Male) |
| 10:08 | Crear | Villager (Male) |
| 10:16 | Construir | House |
| 10:32 | Investigar | Hand Cart |
| 10:43 | Crear | Villager (Male) |
| 10:44 | Crear | Villager (Male) |
| 10:50 | Construir | House |
| 10:59 | Crear | Villager (Male) |
| 10:59 | Crear | Villager (Male) |
| 11:12 | Crear | Villager (Male) |
| 11:13 | Crear | Villager (Male) |
| 11:13 | Crear | Villager (Male) |
| 11:22 | Crear | Villager (Male) |
| 11:23 | Crear | Villager (Male) |
| 11:36 | Crear | Villager (Male) |
| 11:37 | Crear | Villager (Male) |
| 11:37 | Crear | Villager (Male) |
| 12:10 | Crear | Villager (Male) |
| 12:10 | Crear | Villager (Male) |
| 12:10 | Crear | Villager (Male) |
| 12:21 | Crear | Villager (Male) |
| 12:21 | Crear | Villager (Male) |
| 12:21 | Crear | Villager (Male) |
| 12:22 | Crear | Villager (Male) |
| 12:41 | Construir | House |
| 12:50 | Crear | Villager (Male) |
| 12:51 | Crear | Villager (Male) |
| 12:56 | Construir | Farm |
| 13:06 | Construir | House |
| 13:07 | Construir | House |
| 13:17 | Crear | Villager (Male) |
| 13:18 | Crear | Villager (Male) |
| 13:21 | Crear | Villager (Male) |
| 13:43 | Crear | Villager (Male) |
| 13:44 | Crear | Villager (Male) |
| 13:44 | Crear | Villager (Male) |
| 13:44 | Crear | Villager (Male) |
| 13:45 | Crear | Villager (Male) |
| 13:53 | Construir | Farm |
| 14:11 | Crear | Villager (Male) |
| 14:18 | Construir | House |
| 14:30 | Construir | Farm |
| 14:35 | Construir | Farm |
| 14:47 | Construir | Siege Workshop |
| 14:57 | Construir | Market |
| 15:02 | Construir | Monastery |
| 15:04 | Construir | Farm |
| 15:06 | Crear | Villager (Male) |
| 15:06 | Crear | Villager (Male) |
| 15:07 | Crear | Villager (Male) |
| 15:07 | Crear | Villager (Male) |
| 15:17 | Construir | Farm |
| 15:28 | Investigar | Imperial Age |
| 15:31 | Crear | Mangonel |
| 15:32 | Crear | Mangonel |
| 15:32 | Crear | Mangonel |
| 15:34 | Crear | Mangonel |
| 15:35 | Crear | Mangonel |
| 15:49 | Construir | Farm |
| 16:00 | Construir | Lumber Camp |
| 16:21 | Construir | Farm |
| 16:28 | Construir | House |
| 16:47 | Edad | Edad Imperial |
| 16:53 | Investigar | Onager (upgrade) |
| 17:07 | Construir | Farm |
| 17:12 | Investigar | Two-Man Saw |
| 17:13 | Crear | Villager (Male) |
| 17:14 | Crear | Villager (Male) |
| 17:14 | Crear | Villager (Male) |
| 17:16 | Crear | Villager (Male) |
| 17:24 | Construir | House |
| 17:53 | Crear | Villager (Male) |
| 17:53 | Crear | Villager (Male) |
| 17:54 | Crear | Villager (Male) |
| 17:57 | Crear | Villager (Male) |
| 18:00 | Construir | Farm |
| 18:04 | Crear | Villager (Male) |
| 18:04 | Crear | Villager (Male) |
| 18:10 | Investigar | Guilds |
| 18:20 | Crear | Villager (Male) |
| 18:20 | Crear | Villager (Male) |
| 18:22 | Construir | Town Center |
| 18:24 | Construir | Farm |
| 18:24 | Construir | Farm |
| 18:25 | Construir | Farm |
| 18:42 | Construir | Farm |
| 18:43 | Construir | Farm |
| 18:44 | Crear | Villager (Male) |
| 18:45 | Crear | Villager (Male) |
| 18:45 | Crear | Villager (Male) |
| 18:49 | Construir | House |
| 18:50 | Construir | House |
| 18:53 | Crear | Villager (Male) |
| 18:53 | Crear | Villager (Male) |
Build order — [Ballistas] ASMODUS
Primeras 150 de 382 acciones detectadas
| 0:01 | Crear | Villager (Male) |
| 0:01 | Crear | Villager (Male) |
| 0:01 | Crear | Villager (Male) |
| 0:01 | Crear | Villager (Male) |
| 0:13 | Construir | Mill |
| 0:14 | Construir | House |
| 0:36 | Construir | Farm |
| 0:43 | Construir | Farm |
| 1:38 | Crear | Villager (Male) |
| 1:38 | Crear | Villager (Male) |
| 1:42 | Construir | Farm |
| 1:56 | Construir | Lumber Camp |
| 2:09 | Crear | Villager (Male) |
| 2:23 | Crear | Villager (Male) |
| 2:24 | Crear | Villager (Male) |
| 2:36 | Construir | Farm |
| 2:38 | Construir | House |
| 2:51 | Crear | Villager (Male) |
| 2:52 | Crear | Villager (Male) |
| 3:01 | Construir | Farm |
| 3:05 | Crear | Villager (Male) |
| 3:05 | Crear | Villager (Male) |
| 3:05 | Crear | Villager (Male) |
| 3:20 | Crear | Villager (Male) |
| 3:21 | Crear | Villager (Male) |
| 3:26 | Construir | Farm |
| 3:42 | Construir | Farm |
| 4:07 | Crear | Villager (Male) |
| 4:08 | Crear | Villager (Male) |
| 4:11 | Construir | Farm |
| 4:15 | Construir | Farm |
| 4:27 | Construir | Farm |
| 4:27 | Construir | Farm |
| 4:30 | Crear | Villager (Male) |
| 4:46 | Construir | House |
| 5:05 | Crear | Villager (Male) |
| 5:07 | Crear | Villager (Male) |
| 5:30 | Investigar | Feudal Age |
| 6:18 | Crear | Villager (Male) |
| 6:19 | Crear | Villager (Male) |
| 6:44 | Edad | Edad Feudal |
| 6:45 | Construir | Market |
| 7:01 | Construir | Blacksmith |
| 7:25 | Construir | Farm |
| 7:26 | Investigar | Castle Age |
| 7:26 | Investigar | Castle Age |
| 7:41 | Investigar | Double-Bit Axe |
| 7:41 | Investigar | Double-Bit Axe |
| 7:54 | Investigar | Horse Collar |
| 8:08 | Crear | Villager (Male) |
| 8:38 | Edad | Edad de los Castillos |
| 8:40 | Construir | Town Center |
| 8:42 | Investigar | Bow Saw |
| 9:04 | Construir | Town Center |
| 9:09 | Investigar | Wheelbarrow |
| 9:10 | Investigar | Wheelbarrow |
| 9:10 | Investigar | Wheelbarrow |
| 9:20 | Crear | Villager (Male) |
| 9:34 | Crear | Villager (Male) |
| 9:44 | Crear | Villager (Male) |
| 9:49 | Construir | Farm |
| 9:56 | Crear | Villager (Male) |
| 9:57 | Investigar | Heavy Plow |
| 9:58 | Investigar | Heavy Plow |
| 10:03 | Crear | Villager (Male) |
| 10:03 | Crear | Villager (Male) |
| 10:07 | Crear | Villager (Male) |
| 10:14 | Crear | Villager (Male) |
| 10:16 | Construir | House |
| 10:21 | Construir | Farm |
| 10:35 | Crear | Villager (Male) |
| 10:35 | Crear | Villager (Male) |
| 10:48 | Crear | Villager (Male) |
| 10:55 | Crear | Villager (Male) |
| 10:55 | Crear | Villager (Male) |
| 11:02 | Crear | Villager (Male) |
| 11:02 | Crear | Villager (Male) |
| 11:18 | Crear | Villager (Male) |
| 11:28 | Crear | Villager (Male) |
| 11:33 | Construir | House |
| 11:37 | Crear | Villager (Male) |
| 11:51 | Crear | Villager (Male) |
| 11:54 | Construir | House |
| 12:00 | Crear | Villager (Male) |
| 12:11 | Crear | Villager (Male) |
| 12:14 | Investigar | Hand Cart |
| 12:14 | Investigar | Hand Cart |
| 12:29 | Crear | Villager (Male) |
| 12:29 | Crear | Villager (Male) |
| 12:41 | Crear | Villager (Male) |
| 12:51 | Crear | Villager (Male) |
| 12:55 | Construir | Farm |
| 12:57 | Construir | House |
| 13:02 | Crear | Villager (Male) |
| 13:14 | Crear | Villager (Male) |
| 13:15 | Crear | Villager (Male) |
| 13:18 | Construir | House |
| 13:22 | Crear | Villager (Male) |
| 13:27 | Construir | Farm |
| 13:40 | Crear | Villager (Male) |
| 13:45 | Crear | Villager (Male) |
| 13:52 | Crear | Villager (Male) |
| 13:56 | Construir | House |
| 13:59 | Crear | Villager (Male) |
| 14:14 | Crear | Villager (Male) |
| 14:20 | Construir | Farm |
| 14:21 | Construir | Farm |
| 14:24 | Crear | Villager (Male) |
| 14:24 | Crear | Villager (Male) |
| 14:48 | Crear | Villager (Male) |
| 14:50 | Construir | Market |
| 14:56 | Construir | Monastery |
| 14:59 | Construir | Siege Workshop |
| 15:04 | Crear | Villager (Male) |
| 15:07 | Construir | House |
| 15:24 | Investigar | Imperial Age |
| 15:24 | Investigar | Imperial Age |
| 15:27 | Crear | Mangonel |
| 15:33 | Construir | Farm |
| 15:44 | Crear | Mangonel |
| 16:25 | Construir | Farm |
| 16:37 | Construir | Lumber Camp |
| 16:40 | Edad | Edad Imperial |
| 17:00 | Investigar | Onager (upgrade) |
| 17:00 | Investigar | Onager (upgrade) |
| 17:03 | Investigar | Town Watch |
| 17:03 | Investigar | Town Watch |
| 17:06 | Construir | Farm |
| 17:11 | Investigar | Loom |
| 17:23 | Construir | Farm |
| 17:30 | Crear | Mangonel |
| 17:38 | Construir | Farm |
| 17:49 | Crear | Villager (Male) ×5 |
| 17:50 | Crear | Villager (Male) ×4 |
| 18:06 | Construir | Lumber Camp |
| 18:08 | Construir | Farm |
| 18:09 | Construir | Farm |
| 18:25 | Crear | Villager (Male) ×4 |
| 18:41 | Construir | Town Center |
| 18:45 | Construir | House |
| 18:46 | Construir | House |
| 18:55 | Investigar | Town Patrol |
| 18:55 | Investigar | Town Patrol |
| 18:55 | Investigar | Town Patrol |
| 19:02 | Construir | House |
| 19:11 | Crear | Villager (Male) ×5 |
| 19:11 | Crear | Villager (Male) ×5 |
| 19:22 | Construir | Mining Camp |
| 19:30 | Construir | Blacksmith |
| 19:31 | Construir | Lumber Camp |
Build order — ObnoxiousPoem
Primeras 150 de 409 acciones detectadas
| 0:02 | Crear | Villager (Male) ×4 |
| 0:04 | Construir | House |
| 0:06 | Construir | Mill |
| 0:33 | Construir | Farm |
| 0:50 | Construir | Farm |
| 1:25 | Construir | Farm |
| 1:27 | Crear | Villager (Male) |
| 1:52 | Crear | Villager (Male) |
| 2:16 | Construir | Farm |
| 2:18 | Crear | Villager (Male) |
| 2:26 | Construir | Lumber Camp |
| 2:35 | Construir | House |
| 2:40 | Crear | Villager (Male) |
| 2:52 | Crear | Villager (Male) |
| 2:53 | Crear | Villager (Male) |
| 3:00 | Construir | Farm |
| 3:09 | Crear | Villager (Male) |
| 3:41 | Crear | Villager (Male) |
| 3:42 | Crear | Villager (Male) |
| 3:46 | Construir | Farm |
| 3:51 | Construir | Farm |
| 3:59 | Construir | Farm |
| 4:01 | Construir | Farm |
| 4:38 | Crear | Villager (Male) |
| 4:38 | Crear | Villager (Male) |
| 4:38 | Crear | Villager (Male) |
| 4:41 | Construir | House |
| 6:02 | Investigar | Feudal Age |
| 6:04 | Crear | Villager (Male) |
| 6:05 | Crear | Villager (Male) |
| 7:06 | Edad | Edad Feudal |
| 7:12 | Construir | Market |
| 7:16 | Construir | Blacksmith |
| 7:18 | Investigar | Double-Bit Axe |
| 7:45 | Construir | Farm |
| 7:56 | Construir | Farm |
| 8:01 | Investigar | Castle Age |
| 8:10 | Investigar | Horse Collar |
| 8:40 | Investigar | Wheelbarrow |
| 8:44 | Crear | Villager (Male) |
| 9:02 | Construir | House |
| 9:05 | Edad | Edad de los Castillos |
| 9:08 | Investigar | Bow Saw |
| 9:13 | Construir | Town Center |
| 9:30 | Construir | Town Center |
| 9:51 | Crear | Villager (Male) |
| 10:14 | Crear | Villager (Male) |
| 10:14 | Crear | Villager (Male) |
| 10:21 | Construir | Farm |
| 10:27 | Crear | Villager (Male) |
| 10:31 | Investigar | Hand Cart |
| 10:36 | Crear | Villager (Male) |
| 10:59 | Crear | Villager (Male) |
| 10:59 | Crear | Villager (Male) |
| 11:05 | Crear | Villager (Male) |
| 11:06 | Crear | Villager (Male) |
| 11:17 | Crear | Villager (Male) |
| 11:18 | Crear | Villager (Male) |
| 11:23 | Crear | Villager (Male) |
| 11:38 | Construir | House |
| 11:43 | Crear | Villager (Male) |
| 11:44 | Crear | Villager (Male) |
| 12:01 | Construir | House |
| 12:04 | Construir | House |
| 12:09 | Crear | Villager (Male) |
| 12:09 | Crear | Villager (Male) |
| 12:10 | Crear | Villager (Male) |
| 12:10 | Crear | Villager (Male) |
| 12:28 | Crear | Villager (Male) |
| 12:28 | Crear | Villager (Male) |
| 12:28 | Crear | Villager (Male) |
| 12:34 | Construir | Mining Camp |
| 12:37 | Construir | Farm |
| 12:42 | Crear | Villager (Male) |
| 12:43 | Crear | Villager (Male) |
| 12:45 | Construir | Farm |
| 13:07 | Construir | Farm |
| 13:11 | Construir | House |
| 13:13 | Construir | House |
| 13:16 | Crear | Villager (Male) |
| 13:16 | Crear | Villager (Male) |
| 13:16 | Crear | Villager (Male) |
| 13:17 | Crear | Villager (Male) |
| 13:17 | Crear | Villager (Male) |
| 13:32 | Crear | Villager (Male) |
| 13:32 | Crear | Villager (Male) |
| 13:45 | Crear | Villager (Male) |
| 13:46 | Crear | Villager (Male) |
| 13:52 | Construir | House |
| 14:00 | Crear | Villager (Male) |
| 14:00 | Crear | Villager (Male) |
| 14:03 | Crear | Villager (Male) |
| 14:03 | Crear | Villager (Male) |
| 14:21 | Crear | Villager (Male) |
| 14:21 | Crear | Villager (Male) |
| 14:21 | Crear | Villager (Male) |
| 14:50 | Crear | Villager (Male) |
| 14:53 | Construir | Farm |
| 15:07 | Construir | Market |
| 15:16 | Crear | Villager (Male) |
| 15:22 | Construir | Farm |
| 15:24 | Construir | Farm |
| 15:37 | Construir | Siege Workshop |
| 15:45 | Construir | Monastery |
| 15:59 | Construir | House |
| 16:08 | Investigar | Imperial Age |
| 16:16 | Construir | Farm |
| 16:21 | Construir | House |
| 16:23 | Construir | House |
| 16:32 | Construir | House |
| 16:35 | Crear | Mangonel |
| 16:40 | Crear | Mangonel |
| 16:47 | Construir | Farm |
| 16:50 | Construir | Farm |
| 16:57 | Crear | Mangonel |
| 17:08 | Construir | Farm |
| 17:24 | Edad | Edad Imperial |
| 17:27 | Investigar | Town Watch |
| 17:38 | Investigar | Onager (upgrade) |
| 18:04 | Construir | Lumber Camp |
| 18:10 | Construir | Farm |
| 18:36 | Construir | Farm |
| 19:09 | Crear | Villager (Male) |
| 19:10 | Crear | Villager (Male) |
| 19:10 | Crear | Villager (Male) |
| 19:11 | Crear | Villager (Male) |
| 19:12 | Crear | Villager (Male) |
| 19:12 | Crear | Villager (Male) |
| 19:12 | Crear | Villager (Male) |
| 19:13 | Crear | Villager (Male) |
| 19:13 | Crear | Villager (Male) |
| 19:13 | Crear | Villager (Male) |
| 19:14 | Crear | Villager (Male) |
| 19:20 | Crear | Villager (Male) |
| 19:21 | Crear | Villager (Male) |
| 19:21 | Crear | Villager (Male) |
| 19:21 | Crear | Villager (Male) |
| 19:24 | Construir | Lumber Camp |
| 19:40 | Crear | Villager (Male) |
| 19:40 | Crear | Villager (Male) |
| 19:41 | Crear | Villager (Male) |
| 19:41 | Crear | Villager (Male) |
| 19:41 | Crear | Villager (Male) |
| 19:42 | Investigar | Loom |
| 19:47 | Investigar | Gold Mining |
| 19:47 | Investigar | Stone Mining |
| 19:52 | Construir | Town Center |
| 20:21 | Crear | Villager (Male) |
| 20:21 | Crear | Villager (Male) |
| 20:22 | Crear | Villager (Male) |
Cronología de la partida
| 6:41 | Panada · age_up feudal |
| 6:41 | [B] Carlian · age_up feudal |
| 6:43 | Tdot · age_up feudal |
| 6:44 | [Ballistas] ASMODUS · age_up feudal |
| 6:49 | Colonel Otto · age_up feudal |
| 7:03 | [Ballistas] ASMODUS · first_market_sell 100 wood |
| 7:04 | Tdot · first_market_sell 100 wood |
| 7:06 | ObnoxiousPoem · age_up feudal |
| 7:08 | AMI · age_up feudal |
| 7:10 | Panada · first_market_sell 100 wood |
| 7:16 | [B] Carlian · first_market_sell 500 wood |
| 7:16 | [B] Zennith · age_up feudal |
| 7:20 | Colonel Otto · first_market_sell 500 wood |
| 7:45 | [B] Zennith · first_market_sell 100 wood |
| 7:46 | AMI · first_market_sell 100 wood |
| 7:48 | ObnoxiousPoem · first_market_sell 100 wood |
| 8:38 | [Ballistas] ASMODUS · age_up castle |
| 9:00 | [B] Carlian · age_up castle |
| 9:01 | AMI · age_up castle |
| 9:02 | Tdot · age_up castle |
| 9:02 | Panada · age_up castle |
| 9:05 | ObnoxiousPoem · age_up castle |
| 9:07 | Colonel Otto · age_up castle |
| 9:10 | [B] Zennith · age_up castle |
| 14:44 | Panada · first_building Monastery |
| 14:47 | [B] Carlian · first_building Siege Workshop |
| 14:56 | [Ballistas] ASMODUS · first_building Monastery |
| 14:57 | [B] Zennith · first_building Siege Workshop |
| 14:58 | Panada · first_building Siege Workshop |
| 14:59 | [Ballistas] ASMODUS · first_building Siege Workshop |
| 15:01 | [B] Zennith · first_building Monastery |
| 15:02 | [B] Carlian · first_building Monastery |
| 15:04 | AMI · first_building Siege Workshop |
| 15:07 | AMI · first_building Monastery |
| 15:29 | Colonel Otto · first_building Monastery |
| 15:37 | ObnoxiousPoem · first_building Siege Workshop |
| 15:45 | ObnoxiousPoem · first_building Monastery |
| 15:57 | Tdot · first_building Monastery |
| 16:04 | Tdot · first_building Siege Workshop |
| 16:18 | Colonel Otto · first_building Siege Workshop |
| 16:39 | Panada · age_up imperial |
| 16:40 | [Ballistas] ASMODUS · age_up imperial |
| 16:46 | AMI · age_up imperial |
| 16:47 | [B] Carlian · age_up imperial |
| 17:18 | [B] Zennith · age_up imperial |
| 17:24 | ObnoxiousPoem · age_up imperial |
| 17:42 | AMI · first_market_buy 500 stone |
| 17:45 | Panada · first_market_buy 100 stone |
| 18:07 | Tdot · age_up imperial |
| 18:13 | [B] Carlian · first_market_buy 500 stone |
| 18:38 | [Ballistas] ASMODUS · first_market_buy 100 stone |
| 19:20 | Colonel Otto · age_up imperial |
| 19:24 | [B] Carlian · first_building Barracks |
| 19:42 | Tdot · first_building Barracks |
| 20:08 | Tdot · first_building Archery Range |
| 20:42 | Colonel Otto · first_market_buy 500 stone |
| 21:03 | [B] Zennith · wall_segment Stone Wall x4 |
| 21:07 | [B] Zennith · wall_segment Stone Wall x4 |
| 21:15 | [B] Zennith · first_building Barracks |
| 21:21 | ObnoxiousPoem · first_building Barracks |
| 21:42 | [B] Zennith · wall_segment Stone Wall x1 |
| 21:44 | [B] Zennith · wall_segment Stone Wall x1 |
| 21:49 | [Ballistas] ASMODUS · first_building Barracks |
| 21:58 | Panada · first_building Barracks |
| 22:19 | [Ballistas] ASMODUS · first_building Archery Range |
| 22:29 | Tdot · first_market_buy 100 stone |
| 22:32 | Tdot · wall_segment Stone Wall x12 |
| 22:37 | Panada · first_building Archery Range |
| 22:41 | [B] Zennith · wall_segment Stone Wall x1 |
| 22:41 | AMI · first_building Barracks |
| 22:43 | [B] Zennith · wall_segment Stone Wall x5 |
| 23:18 | ObnoxiousPoem · first_building Stable |
| 23:21 | Colonel Otto · first_building Barracks |
| 23:40 | [B] Carlian · first_building Castle |
| 23:51 | ObnoxiousPoem · first_building Castle |
| 23:59 | ObnoxiousPoem · first_building Archery Range |
| 24:17 | [Ballistas] ASMODUS · first_building Castle |
| 24:28 | ObnoxiousPoem · first_market_buy 500 food |
| 24:36 | Tdot · wall_segment Stone Wall x9 |
| 24:40 | Tdot · wall_segment Stone Wall x6 |
| 24:42 | Tdot · wall_segment Stone Wall x4 |
| 24:44 | [B] Zennith · first_building Castle |
| 25:00 | AMI · first_building Castle |
| 27:16 | Colonel Otto · wall_segment Stone Wall x4 |
| 28:01 | Panada · first_building Castle |
| 28:12 | [B] Zennith · first_building Stable |
| 28:42 | Colonel Otto · wall_segment Stone Wall x2 |
| 28:44 | Panada · wall_segment Stone Wall x9 |
| 30:06 | [B] Zennith · wall_segment Stone Wall x7 |
| 30:32 | [Ballistas] ASMODUS · first_building Stable |
| 30:33 | Panada · wall_segment Stone Wall x18 |
| 31:09 | Panada · wall_segment Stone Wall x4 |
| 31:11 | Panada · wall_segment Stone Wall x5 |
| 31:12 | Panada · wall_segment Stone Wall x10 |
| 31:48 | Panada · wall_segment Stone Wall x19 |
| 32:00 | Colonel Otto · tribute_sent a jugador 1 |
| 32:00 | Colonel Otto · tribute_sent a jugador 2 |
| 32:00 | Colonel Otto · tribute_sent a jugador 3 |
| 32:00 | Colonel Otto · tribute_sent a jugador 4 |
| 32:00 | Colonel Otto · tribute_sent a jugador 5 |
| 32:00 | Colonel Otto · tribute_sent a jugador 6 |
| 32:00 | Colonel Otto · tribute_sent a jugador 8 |
| 32:02 | ObnoxiousPoem · tribute_sent a jugador 1 |
| 32:02 | ObnoxiousPoem · tribute_sent a jugador 2 |
| 32:02 | ObnoxiousPoem · tribute_sent a jugador 3 |
| 32:02 | ObnoxiousPoem · tribute_sent a jugador 4 |
| 32:02 | ObnoxiousPoem · tribute_sent a jugador 5 |
| 32:02 | ObnoxiousPoem · tribute_sent a jugador 6 |
| 32:02 | ObnoxiousPoem · tribute_sent a jugador 7 |
| 32:28 | Colonel Otto · first_building Castle |
| 33:50 | [Ballistas] ASMODUS · resign |
[ ANÁLISIS IA · 1 CRÉDITO ]
¿Qué pasó realmente en esta partida?
Wolo.gg analiza cada decisión: build order, eco, micro, errores típicos por bracket. Análisis personalizado por WhatsApp o Discord en 30 segundos.
Guía civ
Búlgaros
Guía mapa
Bamboo Nothing v4 (BaLi) (Custom)
Perfil
Jugador #307486